 Dungeon Crawl Stone Soup version 0.18.1-48-g4cf74bf (webtiles) character file.

52 Anatei the Magician (level 3, -10/19 HPs)
             Began as a Deep Elf Fire Elementalist on Aug 22, 2016.
             Killed by divine providence
             ... invoked by an orc priest
              (16 damage)
             ... on level 3 of the Dungeon.
             The game lasted 00:06:24 (1255 turns).

Anatei the Magician (Deep Elf Fire Elementalist)    Turns: 1255, Time: 00:06:24

Health: -10/19     AC:  2    Str:  5    XL:     3   Next: 60%
Magic:  1/10       EV: 13    Int: 20    God:
Gold:   64         SH:  0    Dex: 15    Spells: 2 memorised, 7 levels left

rFire  . . .     SeeInvis .     k - +0 club
rCold  . . .     Gourm    .     a - +0 robe
rNeg   . . .     Faith    .     (no shield)
rPois  .         Spirit   .     (no helmet)
rElec  .         Dismiss  .     (no cloak)
rCorr  .         Reflect  .     (no gloves)
SustAt .         Harm     .     (no boots)
MR     .....                    (no amulet)
Stlth  ++........               (no ring)
                                (no ring)

@: not resistant to hostile enchantments, unstealthy
A: no striking features
a: no special abilities


You were on level 3 of the Dungeon.
You were not hungry.

You visited 1 branch of the dungeon, and saw 3 of its levels.

You collected 64 gold pieces.

Inventory:

Hand Weapons
 k - a +0 club (weapon)
Armour
 a - a +0 robe (worn)
Scrolls
 h - a scroll of identify {unknown}
 i - 2 scrolls of noise {unknown}
 l - a scroll of remove curse {unknown}
 m - a scroll of amnesia {unknown}
 n - a scroll of teleportation {unknown}
Potions
 d - 3 potions of flight {unknown}
 e - 3 potions of curing {unknown}
 g - a potion of agility {unknown}
Books
 b - a book of Flames

   Spells                             Type                      Level
   a - Flame Tongue                   Conjuration/Fire             1
   b - Throw Flame                    Conjuration/Fire             2
   c - Conjure Flame                  Conjuration/Fire             3
   d - Inner Flame                    Hexes/Fire                   3
   e - Sticky Flame                   Conjuration/Fire             4
   f - Fireball                       Conjuration/Fire             5
Comestibles
 c - 4 bread rations
 f - a beef jerky


   Skills:
 - Level 2.4 Dodging
 - Level 2.5 Stealth
 + Level 4.2 Spellcasting
 + Level 1.7 Conjurations
 + Level 4.1 Fire Magic


You had 7 spell levels left.
You knew the following spells:

 Your Spells              Type           Power        Failure   Level  Hunger
a - Flame Tongue          Conj/Fire      ###..        4%          1    None
b - Throw Flame           Conj/Fire      ###...       10%         2    #......


Dungeon Overview and Level Annotations

Branches:
Dungeon (3/15)

Altars:


Message History

The puff of flame hits the orc priest.
The orc priest is heavily wounded.
Casting: Throw Flame
Confirm with . or Enter, or press ? or * to list all spells.
You don't have enough magic to cast that spell.
The orc priest invokes the aid of Beogh against you.
Beogh smites you!
Ouch! That really hurt!
Casting: Throw Flame
Confirm with . or Enter, or press ? or * to list all spells.
Aiming: Flame Tongue
Press: ? - help, Shift-Dir - straight line, f/p - orc priest
Aim: an orc priest, wielding a club and wearing a ring mail (heavily wounded)
The flame tongue hits the orc priest.
The orc priest is severely wounded.
The orc priest closely misses you.
The orc priest mumbles some strange prayers to Beogh against you.
Beogh smites you!
Ouch! That really hurt!
You die...

####### # ###.....#.# ####
.##.....#.#.# .....
.##........ ....###.
#.....#.# #...###...>.#.#
.### #............#
.....############.###.#.#.###
#.........ooo..@.# ##...##
#.##############.# ##.## #.#
#.# #.# #.# #.# #.### #.###
#...# #...# ###.# ###...# #.#
#.....# #.#####


You could see an orc priest and 2 orcs.

Vanquished Creatures
  An adder (D:2)
  An ooze (D:1)
  2 dart slugs
  A giant gecko (D:3)
  An orc (D:3)
  4 giant cockroaches
  4 goblins (D:1)
  4 hobgoblins
  5 kobolds
  A quokka (D:2)
  3 bats (D:1)
  3 giant newts (D:2)
  2 rats (D:2)
32 creatures vanquished.

Notes
Turn   | Place    | Note
--------------------------------------------------------------
     0 | D:1      | Anatei the Deep Elf Fire Elementalist began the quest for the Orb.
     0 | D:1      | Reached XP level 1. HP: 10/10 MP: 6/6
    74 | D:1      | Reached XP level 2. HP: 12/15 MP: 2/8
    80 | D:1      | Learned a level 2 spell: Throw Flame
   663 | D:2      | Reached XP level 3. HP: 19/19 MP: 2/10
  1255 | D:3      | Killed from afar by an orc priest

Skill      XL: |  1  2  3 |
---------------+----------+-----
Spellcasting   | 4 |  4.2
Fire Magic     | 4 |  4.1
Dodging        | |  2.4
Stealth        | |  2.5
Conjurations   | |  1.7

Action                   || total
-------------------------++-------
 Cast: Flame Tongue      ||    31
       Throw Flame       ||    20
  Eat: Royal jelly       ||     1
Dodge: Dodged            ||     1
